 Dungeon Crawl Stone Soup version 0.17-a0-1150-g17b0b87 (webtiles) character file.

227 Chiseanne the Magician (level 5, -2/36 HPs)
             Began as a Demonspawn Wanderer on May 27, 2015.
             Slain by Dowan
             ... wielding a +2 dagger of electrocution
              (10 damage)
             ... on level 4 of the Dungeon.
             The game lasted 00:11:38 (5287 turns).

Chiseanne the Magician (Demonspawn Wanderer)        Turns: 5287, Time: 00:11:38

Health: -2/36      AC:  9    Str: 20    XL:     5   Next: 70%
Magic:  12/12      EV: 12    Int: 11    God:
Gold:   122        SH:  0    Dex: 13    Spells: 3 memorised, 8 levels left

rFire  . . .     SeeInvis .     j - +0 dagger (protect)
rCold  . . .     Clarity  .     p - +0 leather armour
rNeg   . . .     SustAt   .     (no shield)
rPois  +         Gourm    .     (helmet restricted)
rElec  .         Spirit   .     r - +0 cloak
rCorr  .         Warding  .     (no gloves)
rMut   .         Stasis   .     (no boots)
MR     .....                    (no amulet)
Stlth  ++........               (no ring)
                                s - ring of loudness (curse)

@: mighty, not resistant to hostile enchantments, unstealthy
A: horns 1, talons 2, nightstalker 1, poison resistance
a: no special abilities


You were on level 4 of the Dungeon.
You were full.

You visited 1 branch of the dungeon, and saw 4 of its levels.

You collected 122 gold pieces.

Inventory:

Hand weapons
 j - a +0 dagger of protection (weapon)
 l - a cursed -2 mace
 q - a +0 antimagic hand axe
Missiles
 d - 5 arrows of flame
 m - 3 javelins (quivered)
 o - 18 poisoned needles
 t - 41 bolts
 u - 35 arrows
Armour
 p - a +0 leather armour (worn)
 r - a +0 cloak (worn)
Jewellery
 s - a cursed ring of loudness (left hand)
Scrolls
 n - 2 scrolls of recharging
Potions
 c - 2 potions of cancellation
 i - a potion of might
Books
 a - a book of Frost

   Spells                             Type                      Level
   a - Freeze                         Ice                          1
   b - Throw Frost                    Conjuration/Ice              2
   c - Ozocubu's Armour               Charms/Ice                   3
   d - Throw Icicle                   Conjuration/Ice              4
   e - Summon Ice Beast               Ice/Summoning                4
   f - Condensation Shield            Ice                          4
 b - the Disquisition on the Traveller

   Spells                             Type                      Level
   a - Apportation                    Translocation                1
   b - Recall                         Summoning/Translocation      3
Comestibles
 e - 3 bread rations
 f - 3 beef jerkies
 g - 4 chunks of flesh


   Skills:
 * Level 0.8 Fighting
 * Level 1.9 Dodging
 * Level 1.4 Stealth
   Level 1.0 Shields
 * Level 4.7 Spellcasting
   Level 2.0 Hexes
   Level 1.7 Transmutations
 * Level 2.2 Ice Magic
   Level 1.0 Evocations


You had 8 spell levels left.
You knew the following spells:

 Your Spells              Type           Power        Failure   Level  Hunger
a - Freeze                Ice            #...         14%         1    None
b - Apportation           Tloc           #.........   28%         1    None
c - Ozocubu's Armour      Chrm/Ice       #.......     58%         3    ###....


Dungeon Overview and Level Annotations

Branches:
Dungeon (4/15)
 Temple: D:4-7

Altars:

Annotations:
D:2 Sigmund
D:4 Dowan


Innate Abilities, Weirdness & Mutations

You have razor-sharp toenails.
You are slightly more attuned to the shadows.
You have a pair of small horns on your head.
Your system is resistant to poisons.


Message History

Duvessa hits you but does no damage.
You hit Duvessa. You headbutt Duvessa!
Duvessa is heavily wounded.
Dowan closely misses you.
Duvessa zaps a wand.
The puff of flame hits you! The adder misses you.
You puncture Duvessa! Your headbutt misses Duvessa.
Duvessa is almost dead.
Dowan gestures at Duvessa while chanting.
Duvessa seems to speed up.
Duvessa hits you with a short sword. The adder bites you.
You hit Duvessa. You claw Duvessa.
You kill Duvessa!
Dowan seems overcome with grief, but rights himself reflexively soon after.
Dowan seems to find hidden reserves of power!
Your Ice Magic skill increases to level 2!
You have reached level 5!
Dowan hits you with a dagger of electrocution.
* * * LOW HITPOINT WARNING * * *
You are electrocuted!
You die...

#)....
*************###########....
*,,,,.......##..............
*,,,,.......##..............
*,,,,.......##............##
*,,,,.......##............##
*,,,,.......##.............#
*,,,,.....S)##...........#.#
*,,,,.....e@##.........†.#.#
*,,,,.......##...........#..
*,,,,....................#*.
*****######..............#*,
#....###########*, #....# *,
#....# ** #....# * #....# *


You could see Dowan and an adder.

Vanquished Creatures
  Duvessa (D:4)
  5 adders
  3 worms
  3 giant geckos
  A ball python (D:4)
  8 bats
  5 giant cockroaches
  4 hobgoblins
  3 jackals (D:3)
  12 kobolds
  4 giant newts
  12 goblins
  A jackal skeleton (D:4)
  8 rats
70 creatures vanquished.

Notes
Turn   | Place    | Note
--------------------------------------------------------------
     0 | D:1      | Chiseanne the Demonspawn Wanderer began the quest for the Orb.
     0 | D:1      | Chiseanne set off with: a book of Frost, the Disquisition on the Traveller, a +0 robe, a +0 club, a bread ration
     0 | D:1      | Reached XP level 1. HP: 13/13 MP: 4/4
     0 | D:1      | Identified the Disquisition on the Traveller
     2 | D:1      | Learned a level 1 spell: Freeze
   205 | D:1      | Gained mutation: You are slightly more attuned to the shadows. [demonic ancestry]
   205 | D:1      | Reached XP level 2. HP: 16/19 MP: 6/6
  1593 | D:1      | Reached XP level 3. HP: 17/24 MP: 6/8
  2196 | D:1      | Reached skill level 4 in Spellcasting
  2372 | D:2      | Noticed Sigmund
  2754 | D:2      | Learned a level 1 spell: Apportation
  2758 | D:2      | Learned a level 3 spell: Ozocubu's Armour
  2923 | D:2      | Gained mutation: You have sharp toenails. [demonic ancestry]
  2923 | D:2      | Reached XP level 4. HP: 23/30 MP: 0/10
  4608 | D:3      | Reached skill level 1 in Stealth
  5144 | D:4      | Reached skill level 1 in Dodging
  5276 | D:4      | Noticed Duvessa
  5277 | D:4      | Noticed Dowan
  5283 | D:4      | Gained mutation: You have razor-sharp toenails. [potion of mutation]
  5283 | D:4      | Gained mutation: Your system is resistant to poisons. [potion of mutation]
  5283 | D:4      | Gained mutation: You have a pair of small horns on your head. [potion of mutation]
  5287 | D:4      | Killed Duvessa
  5287 | D:4      | Reached XP level 5. HP: 12/36 MP: 12/12
  5287 | D:4      | Slain by Dowan

Vault maps used:
D:1:      dpeg_arrival_erosion
D:2:      uniq_sigmund
D:4:      temple_hall, first_bread, uniq_duvessa

Action                   |  1- 3 |  4- 6 || total
-------------------------+-------+-------++-------
Melee: Whip              |    22 |       ||    22
       Short sword       |    39 |       ||    39
       Dagger            |    29 |   112 ||   141
 Cast: Freeze            |    59 |    41 ||   100
  Use: Scroll            |       |     8 ||     8
       Potion            |       |     3 ||     3
 Stab: Sleeping          |     3 |     1 ||     4
       Distracted        |     1 |       ||     1
  Eat: Chunk             |     7 |     5 ||    12
       Bread ration      |       |     1 ||     1
       Royal jelly       |       |     1 ||     1
